 Dungeon Crawl Stone Soup version 0.29-a0-841-g116ddc6ace (webtiles) character file.

Game seed: 3792733243503393553

142 zishaf the Ruffian (level 5, -2/45 HPs)
             Began as a Ghoul Warper on July 14, 2022.
             Slain by an orc wizard
             ... wielding a +0 dagger
              (4 damage)
             ... on level 3 of the Dungeon.
             The game lasted 00:02:59 (2484 turns).

zishaf the Ruffian (Ghoul Warper)                   Turns: 2484, Time: 00:02:59

Health: -2/45      AC:  3    Str: 17    XL:     5   Next: 24%
Magic:  6/6        EV: 11    Int: 14    God:
Gold:   145        SH:  0    Dex:  8    Spells: 7/7 levels left

rFire   . . .      SeeInvis .     - Unarmed
rCold   + . .      Faith    .   (no shield)
rNeg    + + +      Spirit   .   f - +1 robe {Will+}
rPois   ∞          Reflect  .   (no helmet)
rElec   .          Harm     .   (no cloak)
rCorr   .          Rampage  .   (no gloves)
Will    +....                   (no boots)
Stlth   +.........              e - amulet of the acrobat
HPRegen 0.00/turn               g - +6 ring of intelligence
MPRegen 0.10/turn               (no ring)

@: inhibited regen
A: claws 1, cold resistance 1, negative energy resistance 3, inhibited
regeneration, torment resistance 2, devour on kill
a: no special abilities


You were on level 3 of the Dungeon.
You visited 1 branch of the dungeon, and saw 3 of its levels.

You collected 145 gold pieces.

Inventory:

Missiles
 c - 5 boomerangs of dispersal (quivered)
Armour
 a - a +0 leather armour
 f - a +1 robe of willpower (worn)
Jewellery
 e - an amulet of the acrobat (around neck)
 g - a +6 ring of intelligence (left claw)
Wands
 m - a wand of quicksilver (4)
Scrolls
 b - a scroll of blinking
 h - 3 scrolls of identify {unknown}
 i - a scroll of enchant weapon {unknown}
 j - a scroll of torment {unknown}
 k - 2 scrolls of noise {unknown}
Potions
 d - a potion of mutation {unknown}
 l - 2 potions of curing {unknown}
 n - a potion of heal wounds {unknown}
 o - a potion of cancellation {unknown}


   Skills:
 + Level 3.6 Fighting
 + Level 2.5 Throwing
 - Level 0.8 Armour
 - Level 1.7 Dodging
 + Level 3.7 Unarmed Combat
 - Level 1.7 Spellcasting
 - Level 2.6 Translocations
 + Level 0.5 Evocations


You had 7 spell levels left.
You didn't know any spells.
Your spell library contained the following spells:

 Spells                   Type           Power      Damage    Failure   Level
 Blink                    Tloc           16%        N/A       12%         2
 Necrotise                Necr           4%         1d4       24%         1
 Gell's Gravitas          Tloc           8%         N/A       24%         3
 Lesser Beckoning         Tloc           8%         N/A       24%         3
 Teleport Other           Tloc           8%         N/A       24%         3
 Vampiric Draining        Necr           1%         2d6       58%         3
 Manifold Assault         Tloc           8%         N/A       92%         5
 Agony                    Necr           1%         N/A       100%        5


Dungeon Overview and Level Annotations

Branches:
Dungeon (3/15)

Altars:
Kikubaaqudgha
Nemelex Xobeh
Vehumet
Wu Jian


Innate Abilities, Weirdness & Mutations

You are immune to poison.
You have sharp fingernails.
Your flesh is cold resistant. (rC+)
You are immune to negative energy. (rN+++)
You do not regenerate when monsters are visible.
You are immune to unholy pain and torment.
You thrive by killing the living.


Message History

The orc is heavily wounded.
You scratch something but do no damage. You barely miss something.
You closely miss something. Something hits you.
You barely miss something. Something hits you.
You scratch something. Something hits you.
You closely miss something. Something hits you.
You barely miss something. Something hits you but does no damage.
You miss something. Something hits you.
You closely miss something.
You hear some strange, mumbled words.
A puff of flame appears from out of thin air!
The puff of flame hits you!
You scratch something but do no damage.
You hear some strange, mumbled words.
A puff of flame appears from out of thin air!
The puff of flame hits you!
* * * LOW HITPOINT WARNING * * *
You miss something.
You hear some strange, mumbled words.
Something tries to affect you, but you resist.
You closely miss something. Something hits you.
* * * LOW HITPOINT WARNING * * *
You miss something. Something hits you.
* * * LOW HITPOINT WARNING * * *
You barely miss something. Something hits you.
* * * LOW HITPOINT WARNING * * *
Throw: 7 boomerangs (disperse)
Press: ? - help, Q - select action, (/) - cycle Shift-Dir - straight line, f - orc
Aim: an orc, wielding a +0 war axe and wearing a +0 leather armour (moderately wounded, 56% to hit)
You throw a boomerang of dispersal. Something hits you but does no damage.
Throw: 6 boomerangs (disperse)
Press: ? - help, Q - select action, (/) - cycle Shift-Dir - straight line, f/p - orc
Aim: an orc, wielding a +0 war axe and wearing a +0 leather armour (moderately wounded, 56% to hit)
You throw a boomerang of dispersal.
The boomerang of dispersal hits the orc but does no damage.
The orc is moderately wounded.
Something hits you.
You die...

♣♣P♣≈.≈≈≈≈♣♣≈.#
.≈.≈≈≈≈.≈≈≈...#
P♣♣≈♣≈≈.≈♣♣PP##
♣♣.♣♣♣♣♣♣#
♣♣≈♣♣ ♣≈†.♣
♣♣≈.♣
#.####♣♣.♣♣
#...@{o...#####
#######).......
#.#.##### #b#.#
.o... .......
##._..._.
.........
._..⌠.._


You could see an orc.

Vanquished Creatures
  A hound (D:3)
  Natasha (D:3)
  An adder (D:3)
  A dart slug (D:1)
  2 orcs (D:3)
  A ball python (D:1)
  3 endoplasms (D:1)
  5 giant cockroaches
  8 goblins
  7 hobgoblins
  7 jackals
  6 kobolds
  4 quokkas
  9 bats
  2 frilled lizards (D:2)
  9 rats
67 creatures vanquished.

Vanquished Creatures (others)
  17 plants (D:3)
17 creatures vanquished.

Grand Total: 84 creatures vanquished

Notes
Turn   | Place    | Note
-------+----------+-------------------------------------------
     0 | D:1      | zishaf the Ghoul Warper began the quest for the Orb.
     0 | D:1      | Reached XP level 1. HP: 17/17 MP: 2/2
     8 | D:1      | Reached skill level 1 in Throwing
    92 | D:1      | Reached XP level 2. HP: 13/25 MP: 3/3
   554 | D:1      | Reached XP level 3. HP: 30/30 MP: 4/4
  1506 | D:2      | Reached XP level 4. HP: 31/38 MP: 5/5
  2356 | D:3      | Noticed Natasha
  2370 | D:3      | Killed Natasha
  2371 | D:3      | Reached XP level 5. HP: 40/45 MP: 6/6
  2446 | D:3      | Found an ancient bone altar of Kikubaaqudgha.
  2446 | D:3      | Found a radiant altar of Vehumet.
  2448 | D:3      | Found an ornate altar of the Wu Jian Council.
  2449 | D:3      | Found a sparkling altar of Nemelex Xobeh.
  2482 | D:3      | HP: 2/45 [something (3)]
  2484 | D:3      | Slain by an orc wizard

Illustrated notes

Levels and vault maps discovered:
D:1:      minmay_arrival_semitransparent, layout_loops_ring
D:2:      layout_basic
D:3:      layout_loops_ring, grunt_temple_overflow_open, tgw_xom, serial_bayou,
          serial_bayou_pond_a, serial_bayou_pond_d, serial_bayou_crossing,
          serial_bayou_lagoon_b, minmay_crystal_water, uniq_natasha

Skill      XL: |  1  2  3 |
---------------+----------+-----
Throwing       | 1 2 |  2.5
Unarmed Combat | 3 |  3.7
Fighting       | 3 |  3.6
Armour         | |  0.8
Dodging        | |  1.7
Spellcasting   | |  1.7
Translocations | |  2.6
Evocations     | |  0.5

Action                   |  1- 3 |  4- 6 || total
-------------------------+-------+-------++-------
Melee: Unarmed           |   142 |    97 ||   239
       Punch             |     2 |     1 ||     3
Throw: Boomerang         |       |     2 ||     2
Armor: Leather armour    |    25 |       ||    25
       Robe              |    24 |    16 ||    40
Dodge: Dodged            |    97 |    63 ||   160

Table legend: (Time is in decaauts)
 A = Elapsed time spent in this place.
 B = Non-inter-level travel time spent in this place.
 C = Inter-level travel time spent in this place.
 D = Time resting spent in this place.
 E = Time spent auto-exploring this place.
 F = Levels seen in this place.
 G = Mean time per level.
                   A        B        C        D        E       F      G
               +--------+--------+--------+--------+--------+-----+--------+
         Total |   2474 |   2438 |     36 |      0 |   1995 |   3 |  824.7 |
       Dungeon |   2474 |   2438 |     36 |      0 |   1995 |   3 |  824.7 |
               +--------+--------+--------+--------+--------+-----+--------+

Top non-repeatable levels by time:
     D:1: 1171 daAuts
     D:2: 827 daAuts
     D:3: 475 daAuts
